 Dungeon Crawl Stone Soup version 0.19-a0-1013-g40768a3 (webtiles) character file.

77 vatarom the Insei (level 4, 0/35 HPs)
             Began as a Demonspawn Monk on July 24, 2016.
             Was a Follower of Uskayaw.
             Slain by Grinder (6 damage)
             ... on level 3 of the Dungeon.
             The game lasted 00:05:14 (2273 turns).

vatarom the Insei (Demonspawn Monk)                 Turns: 2273, Time: 00:05:15

Health: 0/35       AC: 12    Str: 12    XL:     4   Next: 13%
Magic:  2/4        EV: 14    Int: 11    God:    Uskayaw [*.....]
Gold:   100        SH:  0    Dex: 16    Spells: 0 memorised, 3 levels left

rFire  + + .     SeeInvis .       - Unarmed
rCold  + . .     Gourm    .     a - +0 robe
rNeg   . . .     Faith    .     (no shield)
rPois  +         Spirit   .     (no helmet)
rElec  +         Dismiss  .     (no cloak)
rCorr  +         Reflect  .     (no gloves)
SustAt .         Harm     .     e - +0 pair of boots
MR     .....                    (no amulet)
Stlth  ++........               k - ring of loudness (curse)
                                l - ring of protection from fire

@: resistant, sanguine armour, not resistant to hostile enchantments, unstealthy
A: nightstalker 1, sanguine armour 2
a: Stomp, Renounce Religion


You were on level 3 of the Dungeon.
You worshipped Uskayaw.
Uskayaw was noncommittal.
You were not hungry.

You visited 1 branch of the dungeon, and saw 3 of its levels.

You collected 100 gold pieces.

Inventory:

Missiles
 c - 3 exploding tomahawks (quivered)
Armour
 a - a +0 robe (worn)
 e - a +0 pair of boots (worn)
Jewellery
 k - a cursed ring of loudness (right hand)
 l - a ring of protection from fire (left hand)
 n - an uncursed ring of protection from fire
Scrolls
 d - 2 scrolls of enchant weapon
 f - 2 scrolls of identify
 g - 2 scrolls of amnesia
 m - a scroll of remove curse
Potions
 i - a potion of resistance
Comestibles
 b - 2 bread rations
 h - a meat ration
 j - a slice of pizza
 o - a beef jerky


   Skills:
 + Level 3.2 Fighting
 - Level 3.5 Dodging
 - Level 1.7 Stealth
 - Level 3.6 Unarmed Combat
 * Level 0.6 Invocations


You had 3 spell levels left.
You didn't know any spells.

Dungeon Overview and Level Annotations

Branches:
Dungeon (3/15)

Altars:
Uskayaw
Yredelemnul

Annotations:
D:3 Grinder


Innate Abilities, Weirdness & Mutations

You are slightly more attuned to the shadows.
When seriously injured, your bleeding wounds create thick armour. (AC +9)


Message History

k - a cursed ring of loudness (right hand)
Okay, then.
You hit Grinder.
Grinder is heavily wounded.
Grinder misses you.
You hit Grinder but do no damage.
Grinder is heavily wounded.
Grinder hits you but does no damage.
You hit Grinder.
Grinder is severely wounded.
Grinder barely misses you.
You hit Grinder.
Grinder is severely wounded.
Grinder closely misses you.
You closely miss Grinder.
Grinder is severely wounded.
Grinder hits you.
* * * LOW HITPOINT WARNING * * *
You writhe in agony.
You die...

..# .... ..# ...
..# ###.####.#
##.....##.#
#.....†.#.##
#.......#..#
...._....@.#
#.......#5.#
#.......#..##
#.##.....##...#
#.####.####.#.##
.. ........#..#
#.#######..##+###
#......##.......#
#......##.......#


You could see Grinder.

Vanquished Creatures
  3 adders
  2 oozes (D:1)
  3 giant geckos
  A giant cockroach (D:2)
  5 goblins
  5 hobgoblins
  A ball python (D:2)
  8 bats
  2 giant newts (D:1)
  4 kobolds
  6 rats
40 creatures vanquished.

Notes
Turn   | Place    | Note
-------+----------+-------------------------------------------
     0 | D:1      | vatarom the Demonspawn Monk began the quest for the Orb.
     0 | D:1      | Reached XP level 1. HP: 18/18 MP: 1/1
   311 | D:1      | Gained mutation: When seriously injured, your bleeding wounds create armour. (AC +9) [demonic ancestry]
   311 | D:1      | Reached XP level 2. HP: 23/24 MP: 2/2
   872 | D:1      | Gained mutation: When seriously injured, your bleeding wounds create thick armour. (AC +9) [demonic ancestry]
   872 | D:1      | Reached XP level 3. HP: 29/29 MP: 3/3
  1095 | D:2      | Noticed a dagger
  1096 | D:2      | Noticed a hand axe
  1098 | D:2      | Found a hide-covered altar of Uskayaw.
  1110 | D:2      | Became a worshipper of Uskayaw the Reveler
  1110 | D:2      | Reached * piety under Uskayaw
  1142 | D:2      | Reached ** piety under Uskayaw
  2137 | D:3      | Gained mutation: You are slightly more attuned to the shadows. [demonic ancestry]
  2137 | D:3      | Reached XP level 4. HP: 21/35 MP: 4/4
  2223 | D:3      | Found a basalt altar of Yredelemnul.
  2223 | D:3      | Noticed Grinder
  2231 | D:3      | Paralysed by Grinder for 5 turns
  2273 | D:3      | Slain by Grinder

Vault maps used:
D:1:      dpeg_arrival_houses_and_road
D:2:      dancing_weapons_uskayaw, first_bread
D:3:      minmay_diamond_boxcup, grunt_temple_overflow_magic_moments,
          old_standard_altar, marbit_many_paths, uniq_grinder

Skill      XL: |  1  2 |
---------------+-------+-----
Unarmed Combat | 3 |  3.6
Dodging        | 3 |  3.5
Fighting       | |  3.2
Stealth        | |  1.7
Invocations    | |  0.6

Action                   |  1- 3 |  4- 6 || total
-------------------------+-------+-------++-------
Melee: Unarmed           |   187 |    28 ||   215
Invok: Stomp             |       |     1 ||     1
  Use: Scroll            |     7 |       ||     7
       Potion            |     3 |     2 ||     5
 Stab: Sleeping          |     6 |       ||     6
  Eat: Bread ration      |     1 |       ||     1
Armor: Robe              |    56 |     4 ||    60
Dodge: Dodged            |   164 |    12 ||   176
